 Dungeon Crawl Stone Soup version 0.21.1-1-g345015fe64 (webtiles) character file.

50208 DildoBatman the Jinx (level 14, -9/103 HPs)
             Began as a Formicid Wizard on Apr 26, 2018.
             Was a High Priest of Sif Muna.
             Mangled by an iron imp (10 damage)
             ... summoned by a kobold demonologist
             ... on level 12 of the Dungeon.
             The game lasted 02:47:47 (26221 turns).

DildoBatman the Jinx (Formicid Wizard)             Turns: 26221, Time: 02:47:48

Health: -9/103     AC:  5    Str: 13    XL:     14   Next: 96%
Magic:  1/23       EV: 12    Int: 25    God:    Sif Muna [*****.]
Gold:   1010       SH: 12    Dex: 12    Spells: 7/26 levels left

rFire    . . .     SeeInvis +   b - staff of poison
rCold    + . .     Gourm    .   e - +2 shield
rNeg     . . .     Faith    .   p - +5 ring mail "Dirrud" {-Tele rElec rC+ SInv}
rPois    +         Spirit   .   (helmet unavailable)
rElec    +         Reflect  .   y - +1 cloak {MR+}
rCorr    .         Harm     .   S - +0 pair of gloves
MR       ++...                  E - +2 pair of boots {run}
Stlth    +++.......             (no amulet)
HPRegen  0.27/turn              R - +3 ring of intelligence
MPRegen  0.18/turn              u - +3 ring of dexterity

@: corroded, drained, divine energy, quick
A: permanent stasis, dig shafts and tunnels, four strong arms, antennae 3
a: Dig, Shaft Self, Stop Divine Energy, Channel Magic, Forget Spell, Renounce
Religion


You were on level 12 of the Dungeon.
You worshipped Sif Muna.
Sif Muna was extremely pleased with you.
You were hungry.

You visited 4 branches of the dungeon, and saw 17 of its levels.

You collected 1726 gold pieces.
You spent 716 gold pieces at shops.

Inventory:

Hand Weapons
 a - the +9 whip of Zokkon {flame, *Noise Str+2 Int+8 Dex+3}
   (You found it on level 7 of the Dungeon)

   It has been specially enchanted to burn those struck by it, causing extra
   injury to most foes and up to half again as much damage against particularly
   susceptible opponents.
   It affects your strength (+2).
   It affects your intelligence (+8).
   It affects your dexterity (+3).
   It may make noises in combat.
 c - a +3 hunting sling
 d - a +4 scimitar of flaming
Missiles
 h - 7 tomahawks (quivered)
 j - 5 steel tomahawks
Armour
 e - a +2 shield (worn)
 g - a +1 robe of resistance
 o - a +0 troll leather armour
 p - the +5 ring mail "Dirrud" (worn) {-Tele rElec rC+ SInv}
   (You took it off a meliai on level 13 of the Dungeon)

   It protects you from cold.
   It insulates you from electricity.
   It lets you see invisible.
   It prevents most forms of teleportation.
 q - a +2 robe of positive energy
 y - a +1 cloak of magic resistance (worn)
 E - a +2 pair of boots of running (worn)
 S - a +0 pair of gloves (worn)
Magical Staves
 b - an uncursed staff of poison (weapon)
Jewellery
 k - an uncursed ring of flight
 l - an uncursed ring of positive energy
 u - a +3 ring of dexterity (right hand)
 F - an uncursed ring of protection from magic
 H - an uncursed ring of fire
 N - an uncursed ring of ice
 R - a +3 ring of intelligence (left hand)
 W - an uncursed ring of protection from cold
Scrolls
 x - 4 scrolls of remove curse
 z - 6 scrolls of identify
 C - 3 scrolls of magic mapping
Potions
 t - 2 potions of curing
Books
 f - a book of Cantrips

   Spells                             Type                      Level
   a - Confusing Touch                Hexes                        1
   b - Animate Skeleton               Necromancy                   1
   c - Summon Small Mammal            Summoning                    1
   d - Apportation                    Translocation                1
 m - Sif Muna's Collected Works on Fiery Calling
   (Sif Muna gifted it to you on level 2 of the Orcish Mines)

   Spells                             Type                      Level
   a - Summon Butterflies             Summoning                    1
   b - Ignite Poison                  Fire/Transmutation/Poison    3
   c - Sticky Flame                   Conjuration/Fire             4
   d - Shadow Creatures               Summoning                    6
   e - Summon Greater Demon           Summoning                    7
Comestibles
 v - 19 rations


   Skills:
 - Level 7.0(6.4) Fighting
 * Level 10.3(9.7) Maces & Flails
 - Level 6.0(5.4) Armour
 - Level 4.0(3.4) Dodging
 * Level 7.8(7.2) Stealth
 * Level 9.6(9.0) Shields
 * Level 6.5(5.9) Spellcasting
 - Level 5.0(4.4) Conjurations
 * Level 13.2(12.6) Hexes
 - Level 4.0(3.4) Charms
 - Level 5.0(4.4) Summonings
 - Level 4.0(3.4) Necromancy
   Level 0.8(0.4) Translocations
 - Level 4.0(3.5) Air Magic
 - Level 10.0(9.4) Poison Magic
 - Level 4.0(3.5) Evocations


You had 7 spell levels left.
You knew the following spells:

 Your Spells              Type           Power        Failure   Level  Hunger
a - Slow                  Hex            ######..     1%          2    None
b - Confusing Touch       Hex            ######       1%          1    None
c - Magic Dart            Conj           ####         2%          1    None
d - Regeneration          Chrm/Necr      ###.......   11%         3    #......
e - Mephitic Cloud        Conj/Pois/Air  ######..     4%          3    #......
f - Summon Mana Viper     Hex/Summ       ######..     12%         5    #####..
g - Summon Butterflies    Summ           ####....     2%          1    None
h - Summon Small Mammal   Summ           ####         2%          1    None
i - Call Imp              Summ           ####....     3%          2    None


Dungeon Overview and Level Annotations

Branches:
Dungeon (13/15)            Temple (1/1) D:6            Lair (1/6) D:11
    Orc (2/2) D:12            Elf (0/3) Orc:2
 Vaults: D:13-14

Altars:
Ashenzari
Cheibriados
Dithmenos
Elyvilon
Fedhas
Gozag
Hepliaklqana
Kikubaaqudgha
Makhleb
Nemelex Xobeh
Okawaru
Qazlal
Ru
Sif Muna
Trog
Uskayaw
Vehumet
Wu Jian
Xom
Yredelemnul
Zin
The Shining One
Beogh

Shops:
D:11 !   D:12 !(=*   D:13 ?   Orc:2 !*[*(

Annotations:
D:12 1 transporter


Innate Abilities, Weirdness & Mutations

You cannot be hasted, slowed, berserked, paralysed or teleported.
You can dig through walls and to a lower floor.
Your four strong arms can wield two-handed weapons with a shield.
You have a pair of large antennae on your head. (SInv)


Message History

The iron imp barely misses you. The smoke demon closely misses you.
The smoke demon barely misses you. The smoke demon hits you.
You hit the rust devil but do no damage.
You feel less confused.
The orange demon barely misses the orc sorcerer.
The orange demon misses the orc sorcerer.
The orc sorcerer gestures at you while chanting.
The bolt of negative energy hits the quasit.
The quasit completely resists.
The bolt of negative energy hits the rust devil.
The rust devil completely resists.
The bolt of negative energy hits you!
You feel drained.
You block the kobold demonologist's attack.
The rust devil hits you. The rust devil corrodes you! The iron imp hits you!
You die... ##.#..# #.©.# #...##... ###.#.# ##### #...###.. #.#...# ###### #...###.. .8.#..# '[=:'

{
#....###.
#.#...# {
#:::#
#....##..
##..#<#
#⌠OK#
#....#...
###.#.#
#####
#.......#
.##.#.#
#858#
#...5..##
#.#...# {
{ #4K@#
#.....##
.⌠.#..#
#o34#
#....##
#.#...#
##5##
##....##
###...#
{##4o.##{
#..5..##
##.#..#
#535{{#
##......#
#.#...#
#5G5{{#
#........
.#...##
#.5.5...#{
#........
....##
#.#...#.#
{
#.....∩..
...##
...#8.8#..
#........


You could see an ogre mage, an orange demon (confused), a rust devil, 2 kobold
demonologists, an eye of draining, a smoke demon, a ynoxinul, 2 orc sorcerers, a
red devil, an iron imp, a quasit and 6 ufetubi.

Vanquished Creatures
  A tengu reaver (D:12)
  An orc warlord (Orc:2)
  2 ogre magi
  Erolcha (D:9)
  Erica (D:11)
  A centaur warrior (D:13)
  13 two-headed ogres
  Nergalle (D:11)
  An orc high priest (Orc:1)
  Sonja (D:10)
  A deep elf knight (D:13)
  A wizard (D:12)
  An unseen horror (D:10)
  2 deep trolls (Orc:2)
  Pikel (D:8)
  3 ugly things (D:11)
  3 orc sorcerers
  A manticore (D:12)
  4 cyclopes
  A centaur zombie (D:10)
  Maurice (D:12)
  3 centaur skeletons
  Psyche (D:12)
  2 gargoyles
  3 kobold demonologists
  A komodo dragon (D:11)
  A yaktaur (D:13)
  A freezing wraith (D:13)
  A meliai (D:13)
  8 trolls
  Grinder (D:3)
  11 slime creatures
  7 hippogriffs
  A vampire (D:12)
  A wraith (D:12)
  2 wyverns (D:13)
  13 yaks
  4 hogs (D:7)
  A human (D:7)
  4 hungry ghosts
  5 steam dragons
  7 vampire mosquitoes
  3 wargs (Orc:2)
  A two-headed ogre zombie (D:12)
  2 water moccasins
  An acid dragon (shapeshifter) (D:13)
  Duvessa (D:6)
  4 porcupines
  23 orc warriors
  5 sky beasts
  2 ice beasts (D:11)
  3 slaves (D:8)
  2 black bears
  A necrophage (D:13)
  The ghost of Knicklaso the Ruffian, an amateur MiTm (D:3)
  25 ogres
  6 phantoms
  4 centaurs
  A big kobold (D:11)
  15 bullfrogs
  2 gnoll sergeants
  2 wyvern zombies
  Dowan (D:6)
  A wyvern skeleton (D:9)
  4 scorpions
  9 wights
  9 killer bees
  3 electric eels (D:10)
  4 howler monkeys
  3 bullfrog zombies
  6 crimson imps
  22 orc priests
  4 bullfrog skeletons
  3 hounds
  3 jellies
  22 orc wizards
  8 worker ants
  An iguana (D:11)
  7 ogre zombies (D:12)
  2 hound skeletons
  A howler monkey skeleton (D:8)
  16 adders
  15 gnolls
  5 shadow imps
  2 worms
  2 dart slugs
  7 leopard geckos
  89 orcs
  A ball python (D:4)
  10 bats
  6 giant cockroaches
  9 goblins
  9 hobgoblins
  9 jackals
  3 quokkas
  12 frilled lizards
  2 goblin skeletons (D:12)
  2 goblin zombies (D:12)
  6 hobgoblin zombies (D:12)
  A jackal skeleton (D:9)
  12 kobolds
  3 orc skeletons (D:12)
  12 orc zombies (D:12)
  7 rats
  A bush (D:4)
  2 plants
580 creatures vanquished.

Vanquished Creatures (collateral kills)
  Harold (D:10)
  A gargoyle (D:13)
  An orc warrior (Orc:1)
  An orc (Orc:1)
4 creatures vanquished.

Vanquished Creatures (others)
  A slave (D:8)
  An orc wizard (Orc:1)
  An orc priest (Orc:1)
  30 fungi (D:11)
  3 plants (D:11)
36 creatures vanquished.

Grand Total: 620 creatures vanquished

Notes
Turn   | Place    | Note
-------+----------+-------------------------------------------
     0 | D:1      | DildoBatman the Formicid Wizard began the quest for the Orb.
     0 | D:1      | Reached XP level 1. HP: 13/13 MP: 4/4
   124 | D:1      | Reached XP level 2. HP: 22/22 MP: 0/6
   379 | D:1      | Reached XP level 3. HP: 28/28 MP: 0/7
  1446 | D:1      | Reached skill level 1 in Armour
  1446 | D:1      | Reached XP level 4. HP: 8/35 MP: 0/8
  2529 | D:2      | Found a sparkling altar of Nemelex Xobeh.
  2579 | D:2      | Reached XP level 5. HP: 29/41 MP: 0/9
  3053 | D:3      | Noticed Knicklaso's ghost (amateur MiTm)
  3266 | D:3      | Noticed Grinder
  3535 | D:3      | Found a faded altar of an unknown god.
  3683 | D:3      | Found a glowing golden altar of the Shining One.
  3905 | D:3      | Reached XP level 6. HP: 47/47 MP: 10/10
  4011 | D:3      | Found an iron altar of Okawaru.
  4484 | D:4      | Reached skill level 5 in Stealth
  4942 | D:4      | Found a hazy altar of Hepliaklqana.
  5019 | D:5      | Entered Level 5 of the Dungeon
  5170 | D:5      | Found a burning altar of Makhleb.
  5198 | D:5      | Noticed an ogre
  5402 | D:5      | Noticed a phantom
  5408 | D:5      | Found a white marble altar of Elyvilon.
  5408 | D:5      | Found a bloodstained altar of Trog.
  5410 | D:5      | Found a basalt altar of Yredelemnul.
  5411 | D:5      | Found an ancient bone altar of Kikubaaqudgha.
  5411 | D:5      | Found a sacrificial altar of Ru.
  5422 | D:5      | Noticed a sky beast
  5472 | D:5      | Noticed a sky beast
  5523 | D:5      | Noticed an ogre
  5657 | D:5      | Noticed a sky beast
  5703 | D:5      | Found a snail-covered altar of Cheibriados.
  5816 | D:5      | Reached XP level 7. HP: 44/55 MP: 7/11
  6199 | D:6      | Found a shadowy altar of Dithmenos.
  6232 | D:6      | Noticed a hungry ghost
  6826 | D:6      | Found a staircase to the Ecumenical Temple.
  6835 | Temple   | Entered the Ecumenical Temple
  6990 | Temple   | Became a worshipper of Sif Muna the Loreminder
  6995 | Temple   | Learned a level 2 spell: Slow
  6999 | Temple   | Learned a level 3 spell: Mephitic Cloud
  7002 | Temple   | Learned a level 2 spell: Call Imp
  7206 | D:5      | Reached skill level 5 in Fighting
  7206 | D:5      | Reached skill level 1 in Conjurations
  7206 | D:5      | Reached skill level 1 in Hexes
  7369 | D:3      | Killed Grinder
  7369 | D:3      | Reached skill level 2 in Hexes
  7369 | D:3      | Reached XP level 8. HP: 62/62 MP: 12/12
  7800 | D:6      | Reached skill level 3 in Hexes
  8114 | D:5      | Reached skill level 4 in Hexes
  8254 | D:6      | Reached skill level 5 in Hexes
  8525 | D:6      | Noticed Duvessa
  8525 | D:6      | Noticed Dowan
  8555 | D:5      | Reached * piety under Sif Muna
  8591 | D:5      | Reached skill level 6 in Hexes
  8699 | D:5      | Reached skill level 7 in Hexes
  8873 | D:5      | Reached skill level 8 in Hexes
  8873 | D:5      | Reached XP level 9. HP: 42/68 MP: 13/13
  9403 | D:6      | Killed Duvessa
  9403 | D:6      | Reached ** piety under Sif Muna
  9468 | D:6      | Killed Dowan
  9980 | D:7      | Reached skill level 9 in Hexes
 10143 | D:7      | Reached skill level 10 in Hexes
 10406 | D:7      | Noticed a hippogriff
 10508 | D:7      | Killed a hippogriff
 10508 | D:7      | Reached skill level 1 in Poison Magic
 10618 | D:7      | Reached skill level 1 in Evocations
 10768 | D:7      | Got a warped whip
 10769 | D:7      | Identified the +9 whip of Zokkon {flame, *Noise Str+2 Int+8 Dex+3} (You found it on level 7 of the Dungeon)
 11131 | D:7      | Reached XP level 10. HP: 49/74 MP: 13/16
 11244 | D:7      | Reached skill level 1 in Air Magic
 11542 | D:3      | Killed Knicklaso's ghost
 11677 | D:8      | Reached *** piety under Sif Muna
 11677 | D:8      | Reached skill level 1 in Maces & Flails
 11859 | D:8      | Learned a level 3 spell: Regeneration
 11926 | D:8      | Found a shattered altar of Ashenzari.
 11964 | D:8      | Found a stormy altar of Qazlal.
 12062 | D:8      | Noticed Pikel
 12104 | D:8      | Killed Pikel
 12104 | D:8      | Reached skill level 1 in Necromancy
 12566 | D:9      | Reached skill level 1 in Shields
 12581 | D:9      | Reached skill level 1 in Charms
 12615 | D:9      | Reached skill level 5 in Armour
 12919 | D:9      | Reached skill level 5 in Spellcasting
 12978 | D:9      | Reached **** piety under Sif Muna
 13010 | D:9      | Noticed Erolcha
 13306 | D:9      | Noticed a two-headed ogre
 13372 | D:9      | Killed a two-headed ogre
 13372 | D:9      | Reached XP level 11. HP: 78/81 MP: 15/18
 14087 | D:10     | Entered Level 10 of the Dungeon
 14205 | D:10     | Noticed Sonja
 14399 | D:9      | Reached skill level 11 in Hexes
 14639 | D:10     | Noticed an unseen horror
 14656 | D:10     | Killed an unseen horror
 14656 | D:10     | Reached skill level 5 in Poison Magic
 14887 | D:10     | Noticed Harold
 15819 | D:11     | Noticed a green ugly thing
 15834 | D:11     | Killed a green ugly thing
 15960 | D:11     | Noticed Erica
 16164 | D:10     | Reached skill level 5 in Shields
 16173 | D:10     | Noticed a two-headed ogre
 16198 | D:10     | Killed a two-headed ogre
 16300 | D:11     | Noticed Nergalle
 16306 | D:11     | Noticed a cyclops
 16394 | D:11     | Killed Nergalle
 16394 | D:11     | Reached skill level 5 in Maces & Flails
 16394 | D:11     | Reached XP level 12. HP: 72/88 MP: 14/19
 16399 | D:11     | Noticed a two-headed ogre
 16414 | D:11     | Killed a two-headed ogre
 16415 | D:11     | Reached ***** piety under Sif Muna
 16466 | D:11     | Reached skill level 12 in Hexes
 16599 | D:11     | Killed Erica
 16620 | D:11     | Found Violoite's Distillery.
 16792 | D:11     | Bought a potion of curing for 42 gold pieces
 16871 | D:11     | Found a staircase to the Lair.
 16898 | D:11     | Received a gift from Sif Muna
 17355 | D:11     | Noticed a two-headed ogre
 17379 | D:11     | Killed a two-headed ogre
 17729 | D:10     | Killed Harold
 18154 | D:10     | Killed Sonja
 18270 | D:9      | Killed Erolcha
 18682 | D:11     | Reached XP level 13. HP: 67/93 MP: 20/20
 18712 | D:12     | Noticed Maurice
 18758 | D:12     | Found Geluhasa's Distillery.
 18958 | D:12     | Found a staircase to the Orcish Mines.
 19614 | D:12     | Killed Maurice
 19667 | D:12     | Found Ixko Nyff's Assorted Antiques.
 19676 | D:12     | Bought a scroll labeled BYHINW KOAXZE for 27 gold pieces
 19676 | D:12     | Bought a pair of runed boots for 202 gold pieces
 19681 | D:12     | Identified a +1 pair of boots of running (You bought it in a shop on level 12 of the Dungeon)
 19681 | D:12     | Bought a slimy scale mail for 243 gold pieces
 19691 | D:12     | Identified the +0 scale mail of Fun and Games {*Corrode Int+2 Stlth+} (You bought it in a shop on level 12 of the Dungeon)
 19705 | D:12     | Found Meystru's Jewellery Boutique.
 20258 | D:12     | Found a transporter.
 20260 | D:12     | Found Siubuo's Weapon Emporium.
 20269 | D:12     | Found a radiant altar of Vehumet.
 20625 | D:12     | Noticed Psyche
 20637 | D:12     | Killed Psyche
 20754 | D:12     | Identified Sif Muna's Reference Book on the Warped Escort (Sif Muna gifted it to you on level 12 of the Dungeon)
 20754 | D:12     | Received a gift from Sif Muna
 20762 | D:12     | Learned a level 5 spell: Summon Mana Viper
 21205 | D:13     | Found Zeqero's Magic Scroll Shoppe.
 21770 | D:13     | Got a translucent ring mail
 21869 | D:13     | Reached skill level 5 in Summonings
 21891 | D:13     | Identified the +5 ring mail "Dirrud" {-Tele rElec rC+ SInv} (You took it off a meliai on level 13 of the Dungeon)
 22036 | D:13     | Noticed a centaur warrior
 22168 | D:13     | Noticed a rakshasa
 22208 | D:13     | Killed a centaur warrior
 22365 | Orc:1    | Entered Level 1 of the Orcish Mines
 22368 | Orc:1    | Reached skill level 5 in Conjurations
 22585 | Orc:2    | Entered Level 2 of the Orcish Mines
 22625 | Orc:1    | Reached XP level 14. HP: 99/103 MP: 13/23
 22958 | D:12     | Bought a glowing shield for 202 gold pieces
 23245 | Orc:2    | Found Vuqa's General Store.
 23257 | Orc:2    | Found Atsub Lulu's Antique Armour Boutique.
 23842 | Orc:2    | Reached skill level 10 in Poison Magic
 23911 | Orc:2    | Reached skill level 13 in Hexes
 24669 | Orc:2    | Reached skill level 10 in Maces & Flails
 24898 | Orc:2    | Identified Sif Muna's Collected Works on Fiery Calling (Sif Muna gifted it to you on level 2 of the Orcish Mines)
 24898 | Orc:2    | Received a gift from Sif Muna
 25037 | Orc:2    | Found a staircase to the Elven Halls.
 25130 | Orc:2    | Found a roughly hewn altar of Beogh.
 25166 | Orc:2    | Found Toasul's Weapon Shoppe.
 25192 | Orc:2    | Found Huttotra's General Store.
 25193 | Orc:2    | Found Neinajy's Distillery.
 25371 | Orc:1    | Noticed an orc warlord
 25690 | Orc:2    | Killed an orc warlord
 26088 | Lair:1   | Entered Level 1 of the Lair of Beasts
 26139 | D:12     | Learned a level 1 spell: Summon Butterflies
 26141 | D:12     | Learned a level 1 spell: Summon Small Mammal
 26143 | D:12     | Learned a level 1 spell: Confusing Touch
 26184 | D:12     | Noticed a tengu reaver
 26208 | D:12     | Killed a tengu reaver
 26221 | D:12     | HP: 2/103 [orc sorcerer/bolt of negative energy (15)]
 26221 | D:12     | Mangled by an iron imp

Skill      XL: |  1  2  3  4  5  6  7  8  9 10 11 12 13 14 |
---------------+-------------------------------------------+-----
Fighting       | 2 3 4 5 6 7 |  7.0
Dodging        | 2 3 4 |  4.0
Armour         | 1 2 3 4 5 6 |  6.0
Stealth        | 3 4 5 6 7 |  7.8
Conjurations   | 2 3 4 5 |  5.0
Hexes          | 2 8 10 11 12 13 | 13.2
Summonings     | 2 3 4 5 |  5.0
Spellcasting   | 4 5 6 |  6.5
Poison Magic   | 1 3 5 8 9 10 | 10.0
Evocations     | 1 3 4 |  4.0
Air Magic      | 2 3 4 |  4.0
Maces & Flails | 2 5 8 10 | 10.3
Necromancy     | 2 3 4 |  4.0
Shields        | 2 5 6 9 |  9.6
Charms         | 2 3 4 |  4.0
Translocations | |  0.8

Action                   |  1- 3 |  4- 6 |  7- 9 | 10-12 | 13-15 || total
-------------------------+-------+-------+-------+-------+-------++-------
Melee: Unarmed           |     1 |       |       |       |       ||     1
       Whip              |    52 |   179 |   229 |   644 |  1106 ||  2210
       Spear             |     1 |    37 |       |       |       ||    38
       Staff             |       |       |       |       |   139 ||   139
 Fire: Hunting sling     |       |   100 |   299 |    84 |     7 ||   490
Throw: Tomahawk          |       |       |       |       |     2 ||     2
 Cast: Magic Dart        |    84 |   131 |    65 |   262 |   115 ||   657
       Slow              |       |       |    41 |   118 |   104 ||   263
       Regeneration      |       |       |       |    36 |    67 ||   103
       Mephitic Cloud    |       |       |       |    25 |    92 ||   117
       Call Imp          |       |       |       |     5 |    25 ||    30
       Summon Mana Viper |       |       |       |       |     2 ||     2
       Summon Small Mamm |       |       |       |       |     7 ||     7
       Summon Butterflie |       |       |       |       |     2 ||     2
Invok: Divine Energy     |       |       |       |     1 |     1 ||     2
       Stop Divine Energ |       |       |       |     1 |       ||     1
 Abil: Dig               |     1 |    15 |     9 |    20 |    19 ||    64
  Use: Scroll            |       |     4 |     1 |     9 |     2 ||    16
       Potion            |       |       |       |       |     4 ||     4
 Stab: Sleeping          |     1 |       |       |     3 |     1 ||     5
       Confused          |       |       |       |    23 |    65 ||    88
       Distracted        |       |       |       |       |     4 ||     4
  Eat: Chunk             |     1 |    16 |    17 |    29 |    26 ||    89
       Ration            |       |       |     1 |       |     1 ||     2
Armor: Robe              |    11 |     7 |       |       |       ||    18
       Ring mail         |       |    47 |   123 |    40 |   119 ||   329
       Steam dragon scal |       |       |       |    76 |    56 ||   132
       Scale mail        |       |       |       |       |     7 ||     7
       Skin              |       |       |       |       |     1 ||     1
Dodge: Dodged            |    69 |   109 |   160 |   261 |   358 ||   957
Block: Buckler           |       |       |       |    91 |    89 ||   180
       Shield            |       |       |       |       |   220 ||   220
